[Event "Titled Tuesday Blitz January 17 Early 2023"]
[White "Kravtsiv, Martyn"]
[Black "Duda, Jan-Krzysztof"]
[WhiteFideId "14113147"]
[BlackFideId "1170546"]
[WhiteElo "2598"]
[BlackElo "2724"]
[Result "1-0"]
[Round "08"]
[TimeControl "180+2"]
[Date "2023.01.17"]
[WhiteClock "0:00:10"]
[BlackClock "0:00:01"]

1. e4 e5 2. Nf3 Nc6 3. Nc3 Nf6 4. a4 h6 5. Bb5 Bd6 6. O-O O-O 7. d3 Nd4 8. Nxd4 exd4 9. Ne2 c6 10. Bc4 Bc7 11. Nxd4 d5 12. exd5 Nxd5 13. Re1 Nb6 14. Be3 Nxc4 15. dxc4 Qh4 16. g3 Qh3 17. Qf3 Bg4 18. Qg2 Qh5 19. f3 Bd7 20. Qf2 Rad8 21. c3 b6 22. b4 c5 23. Nb5 Bb8 24. bxc5 Bc6 25. Nd4 Ba8 26. cxb6 axb6 27. Rab1 Bc7 28. Rb5 Qg6 29. Nf5 Rfe8 30. Bd4 Kh7 31. Nxg7 Rxe1+ 32. Qxe1 Bxf3 33. Rf5 Ba8 34. Qf2 Qc6 35. Rd5 Rxd5 36. cxd5 Qxd5 37. Qf5+ Qxf5 38. Nxf5 Bc6 39. Ne7 Bxa4 40. Nd5 Bd6 41. Bxb6 Bc6 42. Nf6+ Kg6 43. Bd4 h5 44. Kf2 Be7 45. Ng8 Bf8 46. Ke3 1-0


[Site "https://www.chess.com"]

[Event "Titled Tuesday Blitz January 17 Early 2023"]
[White "Indjic, Aleksandar"]
[Black "Bluebaum, Matthias"]
[WhiteFideId "911925"]
[BlackFideId "24651516"]
[WhiteElo "2618"]
[BlackElo "2669"]
[Result "0-1"]
[Round "08"]
[TimeControl "180+2"]
[Date "2023.01.17"]
[WhiteClock "0:00:07"]
[BlackClock "0:00:14"]

1. e4 e6 2. d3 d5 3. Nd2 Nf6 4. Qe2 Be7 5. g3 a5 6. Nh3 a4 7. a3 c5 8. f4 Nc6 9. e5 Nd7 10. c3 b5 11. Nf3 b4 12. Bg2 bxc3 13. bxc3 Ba6 14. O-O O-O 15. Nf2 Rb8 16. g4 Rb3 17. Bd2 Qc7 18. h4 Rfb8 19. h5 Rb2 20. Nd1 R2b3 21. Nf2 Rb2 22. g5 Qa5 23. Nd1 Rb1 24. Rxb1 Rxb1 25. c4 Qd8 26. cxd5 exd5 27. f5 Qe8 28. e6 Bd6 29. exf7+ Qxf7 30. g6 Qe7 31. gxh7+ Kh8 32. Ne3 Rxf1+ 33. Qxf1 Qf7 34. Qf2 Qxh5 35. Nxd5 Bxd3 36. Qe3 Bxf5 37. Bc3 Nd4 38. Nxd4 cxd4 39. Bxd4 Kxh7 40. Nf4 Qd1+ 41. Kh2 Qg4 42. Kg1 Bxf4 43. Qc3 Qd1+ 44. Kf2 Qd2+ 45. Qxd2 Bxd2 46. Bc6 Bc1 47. Bxa4 Bxa3 48. Bxg7 Kxg7 49. Bc6 Bc5+ 50. Ke2 Ne5 51. Bd5 Kf6 52. Kd2 Bd4 53. Bb3 Nf3+ 54. Ke2 Be4 55. Bc2 Bxc2 56. Kxf3 Bf5 57. Ke2 Be4 58. Kd2 Ke5 59. Ke2 Kf4 60. Kd2 Kf3 61. Ke1 Bc3+ 62. Kd1 Bd3 63. Kc1 Ke3 64. Kd1 Bb2 65. Ke1 Bc2 66. Kf1 Kf3 67. Ke1 Bc3+ 68. Kf1 Bd3+ 69. Kg1 Kg3 70. Kh1 Be2 71. Kg1 Bd4+ 72. Kh1 Bf3# 0-1


[Site "https://www.chess.com"]

[Event "Titled Tuesday Blitz January 17 Early 2023"]
[White "Pultinevicius, Paulius"]
[Black "Bortnyk, Olexandr"]
[WhiteFideId "12809390"]
[BlackFideId "14120828"]
[WhiteElo "2537"]
[BlackElo "2605"]
[Result "1-0"]
[Round "08"]
[TimeControl "180+2"]
[Date "2023.01.17"]
[WhiteClock "0:00:04"]
[BlackClock "0:00:13"]

1. d4 d6 2. Nf3 Nf6 3. c4 g6 4. Nc3 Bf5 5. Nh4 Bd7 6. e4 Bg7 7. Be2 O-O 8. Nf3 c5 9. d5 Na6 10. O-O Nc7 11. e5 Ng4 12. exd6 exd6 13. Bf4 Ne8 14. Qd2 Ne5 15. Nxe5 Bxe5 16. Bxe5 dxe5 17. a3 Nd6 18. b4 b6 19. bxc5 bxc5 20. Qe3 Qe7 21. Qxc5 Rfc8 22. Qb4 a5 23. Qb3 Rab8 24. Qa2 Qh4 25. Rac1 Rc5 26. Nb5 Nf5 27. Rfd1 Qg5 28. Rb1 Bxb5 29. Rxb5 Rbxb5 30. cxb5 Nd4 31. Bf1 Rc2 32. Qxc2 Nxc2 33. b6 Qg4 34. Rc1 Qd7 35. Rxc2 Qxd5 36. Rb2 Qd4 37. Rb1 Qe4 38. Rb2 Qd4 39. Rb5 e4 40. b7 e3 41. b8=Q+ Kg7 42. Qe5+ Qxe5 43. Rxe5 exf2+ 44. Kxf2 1-0


[Site "https://www.chess.com"]

[Event "Titled Tuesday Blitz January 17 Early 2023"]
[White "Vokhidov, Shamsiddin"]
[Black "Kobalia, Mikhail"]
[WhiteFideId "14204223"]
[BlackFideId "4119150"]
[WhiteElo "2586"]
[BlackElo "2578"]
[Result "1-0"]
[Round "08"]
[TimeControl "180+2"]
[Date "2023.01.17"]
[WhiteClock "0:00:58"]
[BlackClock "0:00:07"]

1. e4 c5 2. Nf3 e6 3. d4 cxd4 4. Nxd4 Nc6 5. Nc3 a6 6. Qd3 Nge7 7. Nb3 d6 8. Be3 Ng6 9. O-O-O Be7 10. f4 O-O 11. h4 Bxh4 12. Qe2 h6 13. Qh5 Qf6 14. Ne2 Qe7 15. Ned4 Bf6 16. Nf3 e5 17. f5 Nf4 18. Qg4 d5 19. Rxh6 dxe4 20. Bc5 Bxf5 21. Qxf5 g6 22. Bxe7 Bxe7 23. Qxe4 1-0


[Site "https://www.chess.com"]

[Event "Titled Tuesday Blitz January 17 Early 2023"]
[White "Sychev, Klementy"]
[Black "Lenderman, Aleksandr"]
[WhiteFideId "4114060"]
[BlackFideId "2021285"]
[WhiteElo "2547"]
[BlackElo "2572"]
[Result "0-1"]
[Round "08"]
[TimeControl "180+2"]
[Date "2023.01.17"]
[WhiteClock "0:00:03"]
[BlackClock "0:00:36"]

1. e4 e6 2. d4 d5 3. Nd2 dxe4 4. Nxe4 Nd7 5. h4 Ngf6 6. Nxf6+ Nxf6 7. Nf3 c5 8. h5 h6 9. Be3 Nd5 10. Ne5 a6 11. Qf3 Qf6 12. Qe4 Nxe3 13. fxe3 cxd4 14. exd4 Bd6 15. O-O-O Qf5 16. Qe1 O-O 17. Bd3 Qg5+ 18. Kb1 Rd8 19. Rf1 Bxe5 20. dxe5 Bd7 21. Qe4 Be8 22. Qh7+ Kf8 23. Rde1 Rd5 24. a3 Rxe5 25. Rd1 Rd8 26. Ka2 Ke7 27. Rf3 Qxh5 28. Rdf1 Qg5 29. R1f2 f5 30. g4 Qg6 31. gxf5 Qxh7 32. f6+ gxf6 33. Bxh7 f5 34. Rg2 Kf6 35. Rh3 h5 36. Rg8 Red5 37. Rhg3 Bf7 38. R8g7 h4 39. Rg1 Rd1 40. R1g2 R8d2 41. Bg8 Rxg2 42. Rxg2 h3 0-1


[Site "https://www.chess.com"]

[Event "Titled Tuesday Blitz January 17 Early 2023"]
[White "Svane, Rasmus"]
[Black "Kopczynski, Michal"]
[WhiteFideId "4657101"]
[BlackFideId "1124200"]
[WhiteElo "2623"]
[BlackElo "2225"]
[Result "1/2-1/2"]
[Round "08"]
[TimeControl "180+2"]
[Date "2023.01.17"]
[WhiteClock "0:00:02"]
[BlackClock "0:00:10"]

1. Nf3 d6 2. d4 Nf6 3. g3 g6 4. Bg2 Bg7 5. O-O Nc6 6. d5 Nb8 7. c4 O-O 8. Nc3 e5 9. dxe6 fxe6 10. Be3 e5 11. c5 Nc6 12. cxd6 cxd6 13. Nd5 Kh8 14. Rc1 Be6 15. Ng5 Bxd5 16. Bxd5 Nxd5 17. Qxd5 Qd7 18. Ne4 Rad8 19. Bg5 Ne7 20. Bxe7 Qxe7 21. Rc4 Rd7 22. Rfc1 h6 23. Rc8 Rxc8 24. Rxc8+ Bf8 25. Kg2 Kg7 26. h4 Rc7 27. Rxc7 Qxc7 28. Nc3 Qc6 29. Kf3 Kf6 30. e4 Qxd5 31. Nxd5+ Ke6 32. Kg4 h5+ 33. Kg5 Kf7 34. f4 exf4 35. gxf4 Bg7 36. b3 Bb2 37. Kh6 Bc1 38. Kg5 Bd2 39. a4 Bc1 40. b4 Bb2 41. b5 a6 42. bxa6 bxa6 43. Kh6 Bc1 44. Kh7 Bd2 45. f5 gxf5 46. exf5 Bc1 47. Kh8 Bd2 48. Kh7 Bc1 49. Nc7 a5 50. Nd5 Bd2 51. Kh8 Bc1 52. Kh7 Bd2 53. Kh8 Bc1 54. Kh7 1/2-1/2


[Site "https://www.chess.com"]

[Event "Titled Tuesday Blitz January 17 Early 2023"]
[White "Esipenko, Andrey"]
[Black "Krysa, Leandro"]
[WhiteFideId "24175439"]
[BlackFideId "116807"]
[WhiteElo "2679"]
[BlackElo "2541"]
[Result "1-0"]
[Round "08"]
[TimeControl "180+2"]
[Date "2023.01.17"]
[WhiteClock "0:01:08"]
[BlackClock "0:00:02"]

1. d4 d5 2. c4 c6 3. Nf3 Nf6 4. Nc3 dxc4 5. a4 Bf5 6. Ne5 e6 7. g3 Bb4 8. Bg2 Be4 9. f3 Bg6 10. O-O O-O 11. e4 c5 12. Be3 Nc6 13. Nxc6 bxc6 14. dxc5 Nd7 15. Qe2 Bxc5 16. Bxc5 Nxc5 17. Qxc4 Qe7 18. f4 f6 19. b4 Nd7 20. a5 Bf7 21. Rab1 e5 22. Qxc6 Rab8 23. Nd5 Bxd5 24. Qxd5+ Qf7 25. Rfd1 Rfd8 26. Bh3 Qxd5 27. Rxd5 Nf8 28. Rxd8 Rxd8 29. fxe5 fxe5 30. b5 Kf7 31. Rc1 Ne6 32. Rc6 Rd1+ 33. Kf2 Nd4 34. Rc7+ Kf6 35. Bf1 Rb1 36. Rxa7 Rb2+ 37. Ke3 Rb3+ 38. Bd3 Nc2+ 39. Kd2 Nb4 40. Bc4 Rb1 41. b6 Nc6 42. Ra8 Nxa5 43. Rxa5 Rxb6 44. Ra6 Rxa6 45. Bxa6 Kg5 46. Be2 h5 47. h4+ 1-0


[Site "https://www.chess.com"]

[Event "Titled Tuesday Blitz January 17 Early 2023"]
[White "Andreikin, Dmitry"]
[Black "Harsh Suresh"]
[WhiteFideId "4158814"]
[BlackFideId "45018464"]
[WhiteElo "2729"]
[BlackElo "2298"]
[Result "1-0"]
[Round "08"]
[TimeControl "180+2"]
[Date "2023.01.17"]
[WhiteClock "0:00:56"]
[BlackClock "0:00:06"]

1. e4 c6 2. Nf3 d5 3. d3 dxe4 4. dxe4 Qxd1+ 5. Kxd1 Nf6 6. Nfd2 h5 7. f3 g6 8. a4 Bh6 9. Nc4 Bxc1 10. Kxc1 Be6 11. Nbd2 Nbd7 12. a5 h4 13. Nb3 Rh5 14. Be2 O-O-O 15. Rd1 Bxc4 16. Bxc4 e6 17. Bf1 Rg5 18. Ra4 Nc5 19. Rxd8+ Kxd8 20. Rd4+ Kc7 21. Nxc5 Rxc5 22. b4 Rg5 23. Kd2 e5 24. Rd3 Nh5 25. Ke3 Nf4 26. Rd2 f5 27. c4 Ne6 28. exf5 gxf5 29. c5 Nf4 30. Kf2 a6 31. Rd6 Nd5 32. Rh6 e4 33. fxe4 fxe4 34. Rh7+ Kb8 35. Rxh4 Rf5+ 36. Kg1 Re5 37. Bc4 Nxb4 38. Kf2 Rxc5 39. Rxe4 Rxa5 40. h4 b5 41. Be2 Nd5 42. h5 Ra1 43. Rh4 Ra4 44. g4 Nf6 45. h6 Kc7 46. h7 Nxh7 47. Rxh7+ Kd6 48. g5 Ke6 49. g6 Kf6 50. Bd3 Rg4 51. Rc7 a5 52. Rxc6+ Kg7 53. Rc5 Rd4 54. Ke3 Rb4 55. Rc7+ Kg8 56. Bf5 Rb3+ 57. Kf4 Rb4+ 58. Kg5 Kf8 59. g7+ Kg8 60. Be6+ Kh7 61. g8=Q# 1-0


[Site "https://www.chess.com"]

[Event "Titled Tuesday Blitz January 17 Early 2023"]
[White "Martinez Alcantara, Jose Eduardo"]
[Black "Seo, Jung Min"]
[WhiteFideId "3805662"]
[BlackFideId "1734687"]
[WhiteElo "2619"]
[BlackElo "2494"]
[Result "1/2-1/2"]
[Round "08"]
[TimeControl "180+2"]
[Date "2023.01.17"]
[WhiteClock "0:00:06"]
[BlackClock "0:00:04"]

1. e4 c6 2. d4 d5 3. e5 Bf5 4. h4 h5 5. Bd3 Bxd3 6. Qxd3 Qa5+ 7. b4 Qa6 8. e6 Qxd3 9. cxd3 fxe6 10. Nd2 Nd7 11. Ndf3 e5 12. dxe5 e6 13. Rb1 Nh6 14. Nh3 Ng4 15. d4 Be7 16. O-O b5 17. Nf4 Kf7 18. Bd2 Nb6 19. g3 Nc4 20. Bc3 g6 21. Rfc1 Rhb8 22. Ra1 a5 23. bxa5 b4 24. Be1 Rxa5 25. Nd3 Ra4 26. Rcb1 Ra3 27. Rb3 Rba8 28. Rab1 Rxa2 29. Bxb4 Ra1 30. Bxe7 Kxe7 31. Rb7+ Kd8 32. Nc5 Kc8 33. Nxe6 Rxb1+ 34. Rxb1 Ra2 35. Rf1 Ra3 36. Neg5 Kd7 37. e6+ Ke7 38. Rb1 Ra7 39. Rb8 Ra1+ 40. Kg2 Ra2 41. Rb7+ Ke8 42. Rb8+ Ke7 43. Rb7+ Ke8 44. Nh3 Nce3+ 45. Kh1 Nxf2+ 46. Nxf2 Rxf2 47. Ne5 Rf1+ 48. Kh2 Rf2+ 49. Kg1 Rf1+ 50. Kh2 Rf2+ 51. Kh3 Rf6 52. Nxc6 Rxe6 53. Rb8+ Kd7 54. Ne5+ Ke7 55. Rg8 Nf5 56. Nxg6+ Kf7 57. Nf4 Kxg8 58. Nxe6 Kf7 59. Nf4 Nxd4 60. Nxd5 Kg6 61. Nf4+ Kh6 62. Kg2 Nf5 63. Kf3 Nd6 64. Ng2 Kg6 65. Nf4+ Kh6 66. Ne2 Nf5 67. Kf4 Ne7 68. Nd4 Kg6 69. Ke4 Kf6 70. Kf4 Ng6+ 71. Ke3 Ne7 72. Ne2 Kf5 73. Kf2 Nc6 74. Nc3 Ne5 75. Kg2 Nf7 76. Ne2 Ne5 77. Nf4 Kg4 78. Nd5 Kf5 79. Kf2 Ng4+ 80. Ke2 Ne5 81. Ke3 Ng4+ 82. Kd4 Nh6 83. Ne3+ Kg6 84. Ke4 Nf7 85. Nc4 Kf6 86. Kf4 Nd8 87. Ke4 Nf7 88. Ne3 Nd8 89. Ng2 Ne6 90. Nf4 Ng7 91. Nd5+ Ke6 92. Ne3 Kf6 93. Kd5 Nf5 94. Nf1 Ng7 95. Ke4 Nf5 96. Kf4 Kg6 97. Nd2 Ng7 98. Nf3 Kf6 99. Ng5 Nf5 100. Nh7+ Kg6 101. Nf8+ Kf6 102. Nd7+ Kg6 103. Nb6 Ne7 104. Ke5 Nf5 105. Kf4 Ne7 106. Nc4 Kf6 107. Ne3 Ng6+ 108. Ke4 Ne7 109. Ng2 Nf5 110. Kf3 1/2-1/2


[Site "https://www.chess.com"]

[Event "Titled Tuesday Blitz January 17 Early 2023"]
[White "Deac, Bogdan-Daniel"]
[Black "Boruchovsky, Avital"]
[WhiteFideId "1226380"]
[BlackFideId "2800055"]
[WhiteElo "2700"]
[BlackElo "2539"]
[Result "1-0"]
[Round "08"]
[TimeControl "180+2"]
[Date "2023.01.17"]
[WhiteClock "0:00:19"]
[BlackClock "0:00:24"]

1. d4 Nf6 2. c4 e6 3. Nf3 b6 4. g3 Ba6 5. Nbd2 d5 6. Bg2 c6 7. Qc2 Be7 8. O-O Nbd7 9. b3 Rc8 10. e4 dxe4 11. Nxe4 c5 12. Rd1 O-O 13. Bf4 Bb7 14. Nxf6+ Bxf6 15. Ng5 Bxg5 16. Bxb7 Bxf4 17. Bxc8 Qxc8 18. gxf4 Qc7 19. Qe4 cxd4 20. Rxd4 Nf6 21. Qe5 Qb7 22. Rad1 Qf3 23. R1d3 Qc6 24. Rd8 Re8 25. f5 exf5 26. Rxe8+ Nxe8 27. Rd8 Kf8 28. Qxf5 Ke7 29. Rd5 f6 30. Qe4+ Kf7 31. Re5 Qc8 32. Re7+ Kf8 33. Qe6 Qxe6 34. Rxe6 Kf7 35. Rc6 Ke7 36. Rc8 Kd7 37. Ra8 a5 38. Rb8 1-0


[Site "https://www.chess.com"]

[Event "Titled Tuesday Blitz January 17 Early 2023"]
[White "Urazayev, Arystanbek"]
[Black "Paravyan, David"]
[WhiteFideId "13709810"]
[BlackFideId "4194985"]
[WhiteElo "2460"]
[BlackElo "2601"]
[Result "0-1"]
[Round "08"]
[TimeControl "180+2"]
[Date "2023.01.17"]
[WhiteClock "0:00:04"]
[BlackClock "0:00:12"]

1. d4 Nf6 2. c4 g6 3. Nc3 d5 4. Nf3 Bg7 5. e3 O-O 6. cxd5 Nxd5 7. Bc4 Nxc3 8. bxc3 c5 9. O-O Qc7 10. Bb3 b6 11. Bb2 Nc6 12. Rc1 Na5 13. Bd5 Bb7 14. c4 Rad8 15. Bxb7 Qxb7 16. Qa4 cxd4 17. exd4 Rc8 18. Ba3 Rfd8 19. Rfe1 e6 20. h4 Bh6 21. Rc2 Qc6 22. Qxc6 Rxc6 23. Ne5 Rcc8 24. Re4 Bg7 25. Be7 Re8 26. Bb4 Nb7 27. h5 Red8 28. Nf3 b5 29. c5 a5 30. Bd2 b4 31. h6 Bf8 32. Bg5 Rd5 33. Ne5 Nd6 34. cxd6 Rxc2 35. d7 Rxa2 36. d8=Q Rxd8 37. Bxd8 b3 38. Nc4 b2 39. Nxb2 Rxb2 40. d5 e5 41. Rxe5 Rb1+ 42. Kh2 Bd6 43. f4 Bxe5 44. fxe5 a4 45. Be7 Rd1 46. d6 a3 47. d7 Rxd7 48. Bxa3 Rd5 49. Bb2 Kf8 50. Kg3 Ke7 51. Kf4 Ke6 52. g4 Rb5 53. Bc3 Rb3 54. Ba1 Ra3 55. Bb2 Ra4+ 56. Kg5 Re4 57. Ba1 Rxe5+ 58. Bxe5 Kxe5 59. Kh4 Kf4 60. Kh3 Kg5 0-1


[Site "https://www.chess.com"]

[Event "Titled Tuesday Blitz January 17 Early 2023"]
[White "Eljanov, Pavel"]
[Black "Kilic, Eray"]
[WhiteFideId "14102951"]
[BlackFideId "44517173"]
[WhiteElo "2705"]
[BlackElo "2414"]
[Result "0-1"]
[Round "08"]
[TimeControl "180+2"]
[Date "2023.01.17"]
[WhiteClock "0:00:05"]
[BlackClock "0:00:18"]

1. c4 Nf6 2. g3 g6 3. Bg2 Bg7 4. Nc3 O-O 5. d4 d6 6. Nf3 c6 7. O-O Bf5 8. Bf4 Ne4 9. Qb3 Qb6 10. Rfe1 Nxc3 11. bxc3 Be4 12. Bh3 Bxf3 13. exf3 Bf6 14. Reb1 Qxb3 15. Rxb3 b6 16. a4 Na6 17. a5 Nc7 18. Bd7 c5 19. dxc5 Na6 20. Be3 Nxc5 21. Bxc5 dxc5 22. Bc6 Rad8 23. Be4 Rd6 24. axb6 axb6 25. Ra7 Rb8 26. f4 Kg7 27. Kg2 h6 28. Bd5 e6 29. Be4 Re8 30. g4 Re7 31. Ra6 Red7 32. Kg3 g5 33. f5 Be5+ 34. Kg2 Re7 35. h3 Kf6 36. Kf3 Kg7 37. Rbxb6 Rxb6 38. Rxb6 Bxc3 39. Rc6 Bd4 40. Kg2 exf5 41. Bxf5 Re2 42. Rc7 Rxf2+ 43. Kh1 Kf6 44. Rc8 Ke5 45. Ra8 Kf4 46. Ra3 Be3 47. Bd7 Re2 0-1


[Site "https://www.chess.com"]

[Event "Titled Tuesday Blitz January 17 Early 2023"]
[White "Arjun, Kalyan"]
[Black "Sadhwani, Raunak"]
[WhiteFideId "35018701"]
[BlackFideId "35093487"]
[WhiteElo "2516"]
[BlackElo "2627"]
[Result "0-1"]
[Round "08"]
[TimeControl "180+2"]
[Date "2023.01.17"]
[WhiteClock "0:00:02"]
[BlackClock "0:00:04"]

1. e4 g6 2. d4 Bg7 3. Nf3 d6 4. c3 Nf6 5. Bd3 O-O 6. O-O Nc6 7. Nbd2 e5 8. Re1 Nh5 9. Nb3 h6 10. h3 Qf6 11. Be3 Nf4 12. Bf1 Re8 13. d5 Nb8 14. a4 a5 15. Nbd2 Na6 16. Nc4 b6 17. Na3 g5 18. Nd2 Qg6 19. g4 h5 20. Qf3 Nc5 21. Nb5 Re7 22. b4 Nb7 23. Nc4 hxg4 24. hxg4 Qh6 25. Bxf4 exf4 26. e5 axb4 27. exd6 Rxe1 28. Rxe1 Bd7 29. dxc7 Rxa4 30. Nxb6 Qxb6 31. d6 Ra8 32. Re7 Bc6 33. Qd3 Qxb5 34. Qxb5 Bxb5 35. Bxb5 Nxd6 36. cxb4 Nxb5 37. Rd7 Bf6 38. Rd5 Nxc7 39. Rf5 Kg7 40. Rc5 Ne6 0-1


[Site "https://www.chess.com"]

[Event "Titled Tuesday Blitz January 17 Early 2023"]
[White "Narayanan.S.L"]
[Black "Riehle, Marco"]
[WhiteFideId "5058422"]
[BlackFideId "12904392"]
[WhiteElo "2660"]
[BlackElo "2368"]
[Result "1/2-1/2"]
[Round "08"]
[TimeControl "180+2"]
[Date "2023.01.17"]
[WhiteClock "0:01:36"]
[BlackClock "0:00:14"]

1. e4 e5 2. Nf3 Nf6 3. Nc3 Nc6 4. d4 exd4 5. Nd5 Nb4 6. Nxf6+ Qxf6 7. Bc4 Bc5 8. O-O d6 9. e5 dxe5 10. Ng5 O-O 11. Qh5 Qg6 12. Qh4 Bf5 13. a3 Nc6 14. Bd5 Be7 15. Qg3 h6 16. Nf3 Qxg3 17. fxg3 Bxc2 18. Bxc6 bxc6 19. Nxe5 c5 20. Bf4 Bd6 21. Nc4 Bd3 22. Rfc1 Bxc4 23. Rxc4 Rfe8 24. b4 cxb4 25. Bxd6 cxd6 26. axb4 Re2 27. Rf1 Rb2 28. Rf2 Rb1+ 29. Rf1 Rxf1+ 30. Kxf1 a5 31. bxa5 Rxa5 32. Rxd4 Ra6 33. g4 Kf8 34. h3 Ke7 35. Kf2 Ra5 36. Rd2 Re5 37. Ra2 h5 38. gxh5 Rxh5 39. Ke3 Ke6 40. Ra4 Re5+ 41. Kd3 Rb5 42. Rg4 g6 43. h4 Rb3+ 44. Kd2 d5 45. Rg5 Kd6 46. g4 Rh3 47. h5 gxh5 48. gxh5 f6 49. Rg6 Ke5 50. Rh6 f5 51. Rh8 Kd4 52. h6 Rh2+ 53. Ke1 Ke3 54. Kf1 f4 55. h7 Kf3 56. Ke1 d4 57. Kd1 Kf2 58. Kd2 f3 59. Kd3 Rh4 60. Kd2 Rh3 61. Kd3 Kf1 62. Kxd4 f2 63. Kc4 Ke2 64. Re8+ Kd2 65. Rd8+ Kc2 66. Rf8 Rh4+ 67. Kd5 Rxh7 68. Rxf2+ Kd3 69. Rf3+ Ke2 70. Ra3 Rh5+ 71. Ke4 Rh4+ 72. Kf5 Rh8 73. Ra2+ Kf3 74. Ra7 Rh5+ 75. Kg6 Rb5 76. Rf7+ Kg4 77. Rf6 Rg5+ 78. Kh6 Rh5+ 79. Kg7 Rg5+ 80. Rg6 Rxg6+ 81. Kxg6 1/2-1/2


[Site "https://www.chess.com"]

[Event "Titled Tuesday Blitz January 17 Early 2023"]
[White "Narayanan, Srinath"]
[Black "Maksimovic, Bojan"]
[WhiteFideId "5018420"]
[BlackFideId "14408120"]
[WhiteElo "2559"]
[BlackElo "2486"]
[Result "1-0"]
[Round "08"]
[TimeControl "180+2"]
[Date "2023.01.17"]
[WhiteClock "0:01:29"]
[BlackClock "0:00:42"]

1. Nf3 Nf6 2. c4 g6 3. b3 Bg7 4. Bb2 d6 5. g3 e5 6. Bg2 O-O 7. O-O Nc6 8. Nc3 Re8 9. d3 h6 10. Rc1 Bf5 11. Nd2 Qd7 12. Nde4 Bh3 13. Nxf6+ Bxf6 14. Bxh3 Qxh3 15. Nd5 Bd8 16. f4 Ne7 17. Nf6+ Kf8 18. Nxe8 Kxe8 19. fxe5 dxe5 20. e3 Nf5 21. Qf3 Bg5 22. Rce1 f6 23. Qxb7 Rd8 24. Qc6+ Kf8 25. d4 Nxe3 26. Rxf6+ Kg7 27. Rxg6+ Kh7 28. Rxg5 1-0


[Site "https://www.chess.com"]

[Event "Titled Tuesday Blitz January 17 Early 2023"]
[White "Predke, Alexandr"]
[Black "Cherniaiev, Tykhon"]
[WhiteFideId "24107581"]
[BlackFideId "14182360"]
[WhiteElo "2685"]
[BlackElo "2330"]
[Result "1-0"]
[Round "08"]
[TimeControl "180+2"]
[Date "2023.01.17"]
[WhiteClock "0:00:36"]
[BlackClock "0:00:04"]

1. d4 Nf6 2. c4 e6 3. Nc3 d5 4. Bg5 Be7 5. e3 O-O 6. Qc2 h6 7. Bxf6 Bxf6 8. Nf3 c5 9. dxc5 dxc4 10. Bxc4 Qa5 11. Rc1 Nd7 12. c6 bxc6 13. O-O Nb6 14. Be2 Bxc3 15. Qxc3 Qxa2 16. Ra1 Qd5 17. Rfd1 Qh5 18. Ra5 Nd5 19. Qxc6 Rb8 20. e4 Rxb2 21. Bf1 Nb4 22. Qc7 Rc2 23. Qxa7 Qg6 24. Qe3 Bb7 25. Rb5 Bxe4 26. Rxb4 Bxf3 27. Qxf3 Qg5 28. Rg4 Qe5 29. Rgd4 Rcc8 30. Rd7 Rc7 31. h4 Rxd7 32. Rxd7 Qa5 33. g3 Qa4 34. Rb7 Qa5 35. Kg2 Qa4 36. h5 Qd4 37. Bd3 Qe5 38. Qe4 Qxe4+ 39. Bxe4 Rd8 40. Bc6 Rc8 41. Bb5 Rd8 42. g4 Rc8 43. f4 Rd8 44. Kf3 Rc8 45. Ke4 Rd8 46. Bd7 Ra8 47. Ke5 Kf8 48. Bb5 Rd8 49. Bd7 Ra8 50. Kd6 Ra6+ 51. Bc6 Ra8 52. Rxf7+ Kxf7 53. Bxa8 Kf6 54. Be4 Kf7 55. g5 hxg5 56. fxg5 Kg8 57. Kxe6 Kh8 58. Kf7 g6 59. h6 Kh7 60. Bxg6+ Kh8 61. Bh5 Kh7 62. g6+ Kh8 63. g7+ Kh7 64. g8=Q+ Kxh6 65. Qg6# 1-0


[Site "https://www.chess.com"]

[Event "Titled Tuesday Blitz January 17 Early 2023"]
[White "Dominguez Perez, Leinier"]
[Black "Mikhailovsky, Vladimir"]
[WhiteFideId "3503240"]
[BlackFideId "34105414"]
[WhiteElo "2739"]
[BlackElo "2215"]
[Result "1-0"]
[Round "08"]
[TimeControl "180+2"]
[Date "2023.01.17"]
[WhiteClock "0:00:20"]
[BlackClock "0:00:01"]

1. d4 Nf6 2. Nf3 d5 3. e3 Bg4 4. Nbd2 Nbd7 5. b3 e5 6. dxe5 Nxe5 7. Be2 Nxf3+ 8. gxf3 Bf5 9. Bb2 c6 10. c4 Bg6 11. h4 dxc4 12. Nxc4 Bb4+ 13. Kf1 Qe7 14. Qd4 Bc5 15. Qe5 O-O-O 16. Qxe7 Bxe7 17. Rc1 Rhg8 18. Bd4 Kb8 19. Ne5 Bd6 20. f4 Nd7 21. Nxg6 hxg6 22. Bc4 Rdf8 23. h5 gxh5 24. Rxh5 Be7 25. Rd1 Nf6 26. Be5+ Kc8 27. Rf5 Rh8 28. Kg2 Ng4 29. Rxf7 Rxf7 30. Be6# 1-0


[Site "https://www.chess.com"]

[Event "Titled Tuesday Blitz January 17 Early 2023"]
[White "Postny, Evgeny"]
[Black "Timofeev, Artyom"]
[WhiteFideId "2804344"]
[BlackFideId "4140419"]
[WhiteElo "2549"]
[BlackElo "2567"]
[Result "1/2-1/2"]
[Round "08"]
[TimeControl "180+2"]
[Date "2023.01.17"]
[WhiteClock "0:00:07"]
[BlackClock "0:00:09"]

1. Nf3 d5 2. c4 d4 3. g3 c5 4. Bg2 Nc6 5. O-O e5 6. d3 Bd6 7. Na3 Nge7 8. Nc2 O-O 9. Rb1 h6 10. a3 a5 11. b3 Bf5 12. Nd2 Qd7 13. Ne4 b6 14. Nxd6 Qxd6 15. Bd2 Qd7 16. b4 axb4 17. axb4 Rab8 18. Re1 Bh3 19. Bh1 Rfc8 20. bxc5 bxc5 21. Na3 Nd8 22. Nb5 Ne6 23. Ra1 Nc6 24. Ra6 Nb4 25. Ra7 Qd8 26. Bxb4 cxb4 27. Qa4 Qb6 28. Rb1 Rc5 29. Ra6 Rxb5 30. cxb5 Qxb5 31. Qxb5 Rxb5 32. Ra4 b3 33. Ra3 Nc5 34. Bd5 Be6 35. Bxe6 fxe6 36. Kf1 e4 37. dxe4 Nxe4 38. Ke1 Nc5 39. Kd2 e5 40. f3 Kf7 41. Ra7+ Kf6 42. Rb2 h5 43. h4 g6 44. Ra3 Ke6 45. Ra7 Kd5 46. Ra8 Rb7 47. Rd8+ Kc4 48. Rc8 Ra7 49. Rxc5+ Kxc5 50. Rxb3 Ra1 51. Rb8 Rg1 52. Re8 Kd5 53. Rd8+ Ke6 54. Re8+ Kd6 55. f4 exf4 56. gxf4 Rg4 57. Re4 Kd5 58. Re5+ Kc4 59. Rg5 Rxh4 60. Rxg6 Rxf4 61. Rh6 h4 62. e3 Rf2+ 63. Ke1 dxe3 64. Rxh4+ Kd3 65. Rh8 Re2+ 66. Kd1 Rd2+ 67. Ke1 Re2+ 68. Kd1 Rd2+ 69. Ke1 Rb2 70. Rd8+ Ke4 71. Re8+ Kf3 72. Rf8+ Ke4 73. Re8+ Kf3 74. Rf8+ Ke4 75. Re8+ 1/2-1/2


[Site "https://www.chess.com"]

[Event "Titled Tuesday Blitz January 17 Early 2023"]
[White "Gholami Orimi, Mahdi"]
[Black "Harshavardhan G B"]
[WhiteFideId "12558486"]
[BlackFideId "25059009"]
[WhiteElo "2420"]
[BlackElo "2408"]
[Result "1-0"]
[Round "08"]
[TimeControl "180+2"]
[Date "2023.01.17"]
[WhiteClock "0:00:14"]
[BlackClock "0:00:07"]

1. d4 d5 2. c4 c6 3. Nf3 Nf6 4. e3 e6 5. Nc3 Nbd7 6. Be2 Bd6 7. O-O O-O 8. b3 Ne4 9. Bb2 f5 10. Ne1 Rf6 11. f4 Rh6 12. Nf3 Ndf6 13. Bd3 Bd7 14. Bxe4 fxe4 15. Ne5 Be8 16. h3 Bg6 17. Rc1 Bf5 18. Rc2 Nh5 19. Qe1 Be7 20. g4 Bh4 21. Qd1 Ng3 22. gxf5 Nxf1 23. Qxf1 exf5 24. Rg2 Bf6 25. cxd5 cxd5 26. Qb5 Bxe5 27. dxe5 Kh8 28. Qxd5 Qh4 29. Qf7 Rg8 30. Qxf5 Qe1+ 31. Kh2 Qxe3 32. Nd5 Qf3 33. Ne7 Re8 34. e6 Rxh3+ 35. Qxh3 Qxh3+ 36. Kxh3 Rxe7 37. f5 e3 38. f6 Kg8 39. fxe7 1-0


[Site "https://www.chess.com"]

[Event "Titled Tuesday Blitz January 17 Early 2023"]
[White "Zierk, Steven"]
[Black "Mahdavi, Reza"]
[WhiteFideId "2034255"]
[BlackFideId "12595926"]
[WhiteElo "2488"]
[BlackElo "2339"]
[Result "1-0"]
[Round "08"]
[TimeControl "180+2"]
[Date "2023.01.17"]
[WhiteClock "0:00:09"]
[BlackClock "0:00:15"]

1. e4 c5 2. Nf3 e6 3. d4 cxd4 4. Nxd4 Nc6 5. Nc3 Qc7 6. Be3 a6 7. Qd2 Nf6 8. f3 Be7 9. O-O-O b5 10. g4 Nxd4 11. Bxd4 Bb7 12. g5 Nh5 13. Kb1 O-O 14. Ne2 Rad8 15. Qe3 f5 16. Bb6 Qc6 17. Bxd8 Bxd8 18. Nd4 Qc5 19. e5 f4 20. Qe1 Bxg5 21. Rg1 Be7 22. Bh3 Bd5 23. Bg4 Nf6 24. exf6 Bxf6 25. Nb3 Qc6 26. Qd2 Rc8 27. Rg2 a5 28. Qxa5 Ra8 29. Qb4 Ra4 30. Qc5 Bxb3 31. Qxc6 Bxa2+ 32. Kc1 dxc6 33. b3 Ra7 34. Bxe6+ Kf8 35. Rd7 Ra8 36. Rf7+ Ke8 37. Rxf6 Ke7 38. Rxf4 Kxe6 39. Rxg7 Kd5 40. Kb2 Kc5 41. Rf6 1-0


[Site "https://www.chess.com"]